 Dungeon Crawl Stone Soup version 0.28-a0-1159-g27aa881441 (webtiles) character file.

Game seed: 2423924388904149082

528 ChaosChampion the Insei (level 7, -2/43 HPs)
             Began as an Octopode Transmuter on Dec 15, 2021.
             Succumbed to an orc wizard's poison
             ... on level 4 of the Dungeon.
             The game lasted 00:05:03 (3980 turns).

ChaosChampion the Insei (Octopode Transmuter)       Turns: 3980, Time: 00:05:03

Health: -2/43      AC:  2    Str: 10    XL:     7   Next: 23%
Magic:  6/10       EV: 19    Int: 17    God:
Gold:   172        SH:  0    Dex: 17    Spells: 4/10 levels left

rFire   . . .      SeeInvis .     - Unarmed
rCold   . . .      Faith    .   (shield currently unavailable)
rNeg    . . .      Spirit   .   (helmet currently unavailable)
rPois   x          Reflect  .   (no amulet)
rElec   .          Harm     .   (no ring)
rCorr   .          Rampage  .   (no ring)
Will    .....                   (no ring)
Stlth   ++........              (no ring)
HPRegen 0.14/turn               (no ring)
MPRegen 0.12/turn               (no ring)
                                (no ring)
                                (no ring)

@: lethally poisoned (-2 -> -20), spider-form, very slightly contaminated
A: venomous fangs, almost no armour, (amphibious), 8 rings, tiny, (camouflage
1), (gelatinous body 1), (nimble swimmer 1), (tentacles), inability to read
while threatened
a: End Transformation


You were on level 4 of the Dungeon.
You were a venomous arachnid creature.
You visited 1 branch of the dungeon, and saw 4 of its levels.

You collected 172 gold pieces.

Inventory:

Missiles
 d - 9 poisoned darts (quivered)
 e - 2 throwing nets
Armour
 r - a +0 hat (melded)
Jewellery
 h - an amulet of guardian spirit
 o - an amulet of guardian spirit
Wands
 m - a wand of flame (23)
Scrolls
 a - 4 scrolls of magic mapping
 f - 2 scrolls of identify
 g - a scroll of enchant weapon
Potions
 b - a potion of resistance {unknown}
 c - a potion of attraction {unknown}
 n - a potion of lignification {unknown}
 p - a potion of flight {unknown}


   Skills:
 - Level 1.0 Fighting
 - Level 2.0 Dodging
 * Level 6.6 Unarmed Combat
 - Level 2.0 Spellcasting
 + Level 4.0 Transmutations
 - Level 3.0 Poison Magic


You had 4 spell levels left.
You knew the following spells:

 Your Spells              Type           Power      Damage    Failure   Level
a - Beastly Appendage     Tmut           30%        N/A       12%         1
b - Wereblood             Tmut           15%        N/A       16%         2
c - Spider Form           Tmut/Pois      13%        N/A       32%         3

Your spell library contained the following spells:

 Spells                   Type           Power      Damage    Failure   Level
 Ice Form                 Ice/Tmut       8%         N/A       82%         4


Dungeon Overview and Level Annotations

Branches:
Dungeon (4/15)
 Temple: D:4-7

Altars:


Innate Abilities, Weirdness & Mutations

You are a venomous arachnid creature.
You have poisonous fangs.
You are tiny and dextrous.
Your spellcasting is less reliable in this form.
Your armour is entirely melded.
You are incapable of wielding weapons or throwing items.
You cannot wear most types of armour.
((You are amphibious.))
You can wear up to eight rings at the same time.
((Your skin changes colour to match your surroundings (Stealth+).))
((Your rubbery body absorbs attacks. (AC +1, EV +1)))
((You are camouflaged near water. (Stealth+)))
((You have tentacles for arms and can constrict up to eight enemies at once.))
You sometimes lose the ability to read scrolls when taking damage.


Message History

Confirm with . or Enter, or press ? or * to list all spells.
You miscast Wereblood.
You are very lightly contaminated with residual magic.
Nothing appears to happen.
The endoplasm quivers.
The orc throws a boomerang.
The boomerang closely misses you. The orc wizard casts a spell at you.
The magic dart hits you! The orc barely misses you.
You hit the orc wizard.
The orc wizard is moderately wounded.
The orc wizard gestures at you while chanting.
You resist with some effort. The orc closely misses you.
The endoplasm closely misses you.
You hit the orc but do no damage.
The orc is poisoned.
The orc wizard points at you and mumbles some strange words.
You resist with some effort. The orc hits you but does no damage.
The endoplasm freezes you.
You are frozen.
You hit the orc.
The orc looks as sick as possible!
The orc is moderately wounded.
You kill the orc!
The gnoll hits you from afar with a +0 spear.
* * * LOW HITPOINT WARNING * * *
The orc wizard casts a spell at you. The puff of flame misses you.
The endoplasm freezes you.
You are frozen.
* * * LOW HITPOINT WARNING * * *
Okay, then.
You barely miss the orc wizard.
The orc wizard is moderately wounded.
The gnoll shouts!
The gnoll closely misses you.
The orc wizard hits you with a +2 dagger of venom.
* * * LOW HITPOINT WARNING * * *
You are lethally poisoned!
The endoplasm completely misses you.
It was a potion of mutation.
You feel extremely strange.
You lose the ability to read scrolls when threatened.
You die...

#..........,,,,,,,,,,,.
#..$.......,,,,,,,,,,,.
####..oo......,,,,,,,,,,,.
#......##############+#**#
#......#..............#,,,
#......#........<.....#,,,
#......#..g...........#,,,
#......').og...g...g..#,,,
#....[.#Js.##....##...#*,,
#......#...#######*...#*,,
#......#....#,,,,*,,....,,
#......#....#,,,,*,,,...,,
#......#....#,,,,*,,,...,,
#......#....#,,,,*,,,,,,,,
#......#'####,,,,***,,***,
########.####....########.
#.....#...............


You could see an orc wizard, 3 gnolls and an endoplasm.

Vanquished Creatures
  2 ogres (D:4)
  A scorpion (D:4)
  A water moccasin skeleton (D:4)
  A jelly (D:3)
  Jessica (D:3)
  2 orc wizards (D:4)
  A hound skeleton (D:3)
  A gnoll (D:1)
  3 adders
  2 adder skeletons (D:3)
  2 worms
  2 dart slugs
  9 orcs
  6 ball pythons
  8 bats
  7 endoplasms
  2 giant cockroaches (D:1)
  4 goblins
  6 hobgoblins
  7 jackals
  6 kobolds
  2 quokkas
  4 frilled lizards
  4 rats
84 creatures vanquished.

Vanquished Creatures (collateral kills)
  An orc (D:4)
  An endoplasm (D:4)
  A giant cockroach (D:4)
3 creatures vanquished.

Vanquished Creatures (others)
  2 withered plants (D:3)
2 creatures vanquished.

Grand Total: 89 creatures vanquished

Notes
Turn   | Place    | Note
-------+----------+-------------------------------------------
     0 | D:1      | ChaosChampion the Octopode Transmuter began the quest for
                  | the Orb.
     0 | D:1      | Reached XP level 1. HP: 13/13 MP: 3/3
    58 | D:1      | Reached XP level 2. HP: 18/18 MP: 3/5
   101 | D:1      | Learned a level 2 spell: Wereblood
   279 | D:1      | Reached XP level 3. HP: 22/23 MP: 2/6
   615 | D:1      | Reached skill level 4 in Unarmed Combat
   705 | D:1      | Found a faded altar of an unknown god.
  1343 | D:2      | Reached XP level 4. HP: 28/28 MP: 3/7
  2608 | D:3      | Learned a level 3 spell: Spider Form
  2676 | D:3      | Reached XP level 5. HP: 33/33 MP: 5/8
  2967 | D:3      | Noticed Jessica
  2974 | D:3      | Killed Jessica
  3157 | D:4      | Noticed an ogre
  3171 | D:4      | Killed an ogre
  3172 | D:4      | Reached skill level 5 in Unarmed Combat
  3172 | D:4      | Reached XP level 6. HP: 38/38 MP: 3/9
  3606 | D:4      | Reached skill level 6 in Unarmed Combat
  3614 | D:4      | Reached XP level 7. HP: 33/43 MP: 5/10
  3979 | D:4      | HP: 2/43 [orc wizard (4)]
  3980 | D:4      | Gained mutation: You sometimes lose the ability to read
                  | scrolls when taking damage. [potion of mutation]
  3980 | D:4      | Succumbed to an orc wizard's poison

Illustrated notes

Levels and vault maps discovered:
D:1:      psy_arrival_dodecagon, layout_basic, chequers_ecumenical_altar_grove
D:2:      layout_loops_corners
D:3:      layout_basic, serial_undead, serial_undead_a, serial_undead_c,
          serial_undead_c, serial_undead_f, uniq_jessica
D:4:      layout_gridville, minmay_fractal_squares_5

Skill      XL: |  1  2  3  4  5  6  7 |
---------------+----------------------+-----
Unarmed Combat | 4 5 6 |  6.6
Transmutations | 3 4 |  4.0
Poison Magic   | 3 |  3.0
Fighting       | |  1.0
Dodging        | |  2.0
Spellcasting   | |  2.0

Action                   |  1- 3 |  4- 6 |  7- 9 || total
-------------------------+-------+-------+-------++-------
Melee: Unarmed           |    69 |   114 |    10 ||   193
       Tentacles         |    12 |    12 |       ||    24
       Kick              |    11 |    23 |       ||    34
       Constrict         |    19 |    22 |       ||    41
       Punch             |     7 |       |       ||     7
Throw: Dart              |       |     7 |       ||     7
 Cast: Beastly Appendage |    11 |    17 |       ||    28
       Wereblood         |    10 |    18 |     1 ||    29
       Spider Form       |       |     5 |     3 ||     8
  Use: Scroll            |       |     8 |       ||     8
       Potion            |       |     2 |     1 ||     3
 Stab: Sleeping          |     6 |     6 |       ||    12
       Distracted        |       |     1 |       ||     1
Armor: Skin              |    10 |     7 |     1 ||    18
Dodge: Dodged            |    69 |    83 |    10 ||   162

Table legend: (Time is in decaauts)
 A = Elapsed time spent in this place.
 B = Non-inter-level travel time spent in this place.
 C = Inter-level travel time spent in this place.
 D = Time resting spent in this place.
 E = Time spent auto-exploring this place.
 F = Levels seen in this place.
 G = Mean time per level.
                   A        B        C        D        E       F      G
               +--------+--------+--------+--------+--------+-----+--------+
         Total |   3963 |   3882 |     81 |    108 |   3119 |   4 |  990.8 |
       Dungeon |   3963 |   3882 |     81 |    108 |   3119 |   4 |  990.8 |
               +--------+--------+--------+--------+--------+-----+--------+

Top non-repeatable levels by time:
     D:2: 1103 daAuts
     D:1: 1101 daAuts
     D:3: 936 daAuts
     D:4: 821 daAuts
